Unix NetHack Version 5.0.0-0 post-release - last build Jun 10 2026 00:39:30 (3ee93aec679c4c4259841fe613dc97188e26a321,branch:main).

Game began 2026-06-10 06:33:40, ended 2026-06-10 07:08:41.

FutureTim, lawful female human Valkyrie

                                                                          ---
                          ----           ---           ----              --.--
                         --..|         ---.--  ----    |..|              |...|
                        --...---       |....|  |..|  ---..---            |...|
               ----------......|   -----...-| --..---|......----------   --..|
               ....)...........-----.|......| |....C@|...--*..--..|..|  ---..|
               -----------.......--........-- --...|....-||..........|  |....|
                         ----.|......--...-|   |-.----...|---.......--  |...^--
                            ------...--..".| ---...| |..-----.......| ---.....|
                                 --.......---|.....--|..| |....0>..----....|.--
                                 -#.........||.......|.---|.............------
                                --.----..--.|----....|....|---.......---|
                                |..|  ----|.----|....|---.|  |.<....--#.|
                                ----      |....--....|  |.---|......-#.-
                                          --....*....|---....|-......(#-
                                           --........||......|.......--
                                            --......--|..---.........|
                                             ----..-- |...|..........|
                                                |..|  --.---...*...---
                                                ----   --- --.------
                                                            ---
FutureTim the Fighter       St:18/03 Dx:12 Co:18 In:9 Wi:7 Ch:8  Lawful
Dlvl:8  $:212 HP:0(52) Pw:13(13) AC:3  Xp:6 T:2335  Hungry  

Latest messages:
 You are caught in a bear trap.
 You are caught in a bear trap.
 You are caught in a bear trap.
 You are caught in a bear trap.
 You are caught in a bear trap.
 You are caught in a bear trap.
 You are caught in a bear trap.
 You are caught in a bear trap.
 You are caught in a bear trap.
 You are caught in a bear trap.
 You are caught in a bear trap.
 You are caught in a bear trap.
 You are caught in a bear trap.
 You finally wriggle free.
 You hear crashing rock.
 You are beginning to feel hungry.
 What do you want to eat? [dE or ?*] d
 Blecch!  Rotten food!
 The world spins and goes dark.
 The plains centaur swings his crossbow.
 The plains centaur hits!
 The plains centaur kicks!
 The plains centaur swings his crossbow.
 The plains centaur hits!
 The plains centaur kicks!
 The plains centaur swings his crossbow.
 The plains centaur hits!
 The plains centaur kicks!
 The plains centaur swings his crossbow.
 The plains centaur hits!
 The plains centaur kicks!
 You are conscious again.
 Are you sure you want to pray? [yn] (n) y
 You begin praying to Tyr.
 You are surrounded by a shimmering light.
 The plains centaur starts to attack you, but pulls back.
 The plains centaur starts to attack you, but pulls back.
 The plains centaur starts to attack you, but pulls back.
 The plains centaur starts to attack you, but pulls back.
 The plains centaur starts to attack you, but pulls back.
 You finish your prayer.
 You feel that Tyr is well-pleased.
 You hit the plains centaur!
 The plains centaur swings his crossbow.
 The plains centaur hits!
 The plains centaur misses!
 The plains centaur swings his crossbow.
 The plains centaur hits!
 You die...
 Do you want your possessions identified? [ynq] (y) q

Inventory:
 Coins    ('$')
  $ - 212 gold pieces
 Amulets  ('"')
  m - an uncursed amulet of ESP (being worn)
 Weapons  (')')
  L - 4 blessed +1 daggers
  b - 5 +0 daggers (alternate weapons; not wielded)
  w - a rusty +1 spear (weapon in right hand)
  j - a blessed +0 long sword
 Armor    ('[')
  o - an uncursed +0 orcish helm (being worn)
  q - an uncursed +0 pair of iron shoes (being worn)
  c - an uncursed +3 small shield (being worn)
 Comestibles  ('%')
  d - an uncursed food ration
  M - an uncursed partly eaten food ration
  E - a cursed food ration
 Potions  ('!')
  J - a blessed potion of blindness
  F - an uncursed potion of extra healing
  I - a cursed potion of gain ability
  h - a cursed potion of speed
 Wands    ('/')
  v - a wand of fire (0:5)
  C - a wand of magic missile (0:5)
  x - a wand of undead turning (0:8)
 Tools    ('(')
  i - an uncursed bell
  A - an uncursed blindfold
  l - an uncursed brass lantern (lit)
  e - a cursed lock pick
  H - an uncursed oil lamp
  p - a +0 pick-axe
  k - an uncursed skeleton key
  s - an uncursed partly used tallow candle

FutureTim the Valkyrie's attributes:

Background:
 You were a Fighter, a level 6 human Valkyrie.
 You were lawful, on a mission for Tyr
 who was opposed by Odin (neutral) and Loki (chaotic).
 You were right-handed.
 You were in the Gnomish Mines, on level 8.
 You entered the dungeon 2335 turns ago.
 You had 386 experience points, 254 more were needed to attain level 7.

Basics:
 You had 0 out of 52 hit points.
 You had all 13 energy points (spell power).
 Your armor class was 3.
 Your wallet contained 212 zorkmids.
 Autopickup was off.

Final Characteristics:
 Your strength was 18/03 (limit:18/100).
 Your dexterity was 12 (limit:18).
 Your constitution was 18 (limit:18).
 Your intelligence was 9 (limit:18).
 Your wisdom was 7 (limit:18).
 Your charisma was 8 (limit:18).

Final Status:
 You were hungry.
 You were unencumbered.
 You were wielding a spear.
 You were skilled in spear.

Final Attributes:
 You were piously aligned.
 You were cold resistant.
 You were telepathic.
 You were stealthy.
 You are dead.

Miscellaneous:
 You didn't encounter any bones levels.
 Total elapsed playing time was 35 minutes.

Major events:
 Turn
    1: FutureTim the lawful human Valkyrie entered the dungeon
  893: entered the Gnomish Mines
  903: attained the rank of Skirmisher (level 3)
 2006: attained the rank of Fighter (level 6)
 2335: killed by a plains centaur

You didn't know any spells.

Skills:
 Fighting Skills
   bare handed combat [Unskilled]
   two weapon combat  [Unskilled]
   riding             [Unskilled]
 Weapon Skills
   dagger             [Basic]
   axe                [Unskilled]
   pick-axe           [Unskilled]
   short sword        [Unskilled]
   broadsword         [Unskilled]
   long sword         [Unskilled]
   two-handed sword   [Unskilled]
   saber              [Unskilled]
   hammer             [Unskilled]
   quarterstaff       [Unskilled]
   polearms           [Unskilled]
   spear              [Skilled]
   trident            [Unskilled]
   lance              [Unskilled]
   sling              [Unskilled]
 Spellcasting Skills
   attack spells      [Unskilled]
   escape spells      [Unskilled]

Voluntary challenges:
 Character rerolling was not enabled.
 You never genocided any monsters.
 You never polymorphed an object.
 You never changed form.
 You used no wishes.
Achievements:
 You entered a shop.
 You entered the Gnomish Mines.
 You attained the rank of Skirmisher.
 You attained the rank of Fighter.

 The Dungeons of Doom: levels 1 to 2
    Level 1:
       A fountain, a grave.
    Level 2:
       A general store, a sink.
       Stairs down to The Gnomish Mines.
 The Gnomish Mines: levels 3 to 8
    Level 3:
    Level 4:
    Level 5:
    Level 8: <- You were here.
       Final resting place for
          you, killed by a plains centaur.


Vanquished creatures:
  a giant spider
  a gnome ruler
  6 gnome leaders
  a floating eye
  5 dwarves
  2 gas spores
  a hobbit
  a large kobold
  a green mold
 26 gnomes
  a gecko
  4 jackals
  a fox
  a goblin
  3 sewer rats
  3 grid bugs
  2 bats
  a lichen
  a kobold zombie
  5 newts
67 creatures vanquished.

No species were genocided or became extinct.

Game over:
                       ----------
                      /          \
                     /    REST    \
                    /      IN      \
                   /     PEACE      \
                  /                  \
                  |    FutureTim     |
                  |      212 Au      |
                  |   killed by a    |
                  |  plains centaur  |
                  |                  |
                  |                  |
                  |       2026       |
                 *|     *  *  *      | *
        _________)/\\_//(\/(/\)/\//\/|_)_______

Farvel FutureTim the Valkyrie...

You died in The Gnomish Mines on dungeon level 8 with 2135 points,
and 212 pieces of gold, after 2335 moves.
You were level 6 with a maximum of 52 hit points when you died.

